 Dungeon Crawl Stone Soup version 0.29.1-2-gbd0b4ee654 (webtiles) character file.

Game seed: 6206883261570080875

45 safid the Shooter (level 3, 0/33 HPs)
             Began as a Minotaur Hunter on Nov 17, 2022.
             Constricted to death by Terence (5 damage)
             ... on level 2 of the Dungeon.
             The game lasted 00:01:46 (921 turns).

safid the Shooter (Minotaur Hunter)                  Turns: 921, Time: 00:01:47

Health: 0/33       AC:  3    Str: 15    XL:     3   Next: 42%
Magic:  2/2        EV:  9    Int:  6    God:
Gold:   77         SH:  0    Dex: 15    Spells: 2/2 levels left

rFire   . . .      SeeInvis .   a - +0 shortbow
rCold   . . .      Faith    .   (shield currently unavailable)
rNeg    . . .      Spirit   .   c - +0 leather armour
rPois   .          Reflect  .   (helmet restricted)
rElec   .          Harm     .   (no cloak)
rCorr   .          Rampage  .   (no gloves)
Will    .....                   (no boots)
Stlth   +.........              (no amulet)
HPRegen 0.11/turn               (no ring)
MPRegen 0.08/turn               (no ring)

@: grasped by roots, constricted
A: horns 2, retaliatory headbutt
a: no special abilities


You were on level 2 of the Dungeon.
You visited 1 branch of the dungeon, and saw 2 of its levels.

You collected 77 gold pieces.

Inventory:

Hand Weapons
 a - a +0 shortbow (weapon)
Armour
 c - a +0 leather armour (worn)
Scrolls
 b - a scroll of immolation
 d - a scroll of torment {unknown}
 f - 2 scrolls of teleportation {unknown}
Potions
 e - a potion of haste {unknown}
 g - a potion of lignification {unknown}


   Skills:
 + Level 3.7 Fighting
 + Level 5.1 Ranged Weapons
 - Level 2.1 Dodging
 - Level 0.7 Stealth


You had 2 spell levels left.
You didn't know any spells.
Your spell library contained the following spells:

 Spells                   Type           Power      Damage    Failure   Level
 Shock                    Conj/Air       0%         1d3       52%         1
 Summon Small Mammal      Summ           0%         N/A       52%         1
 Blink                    Tloc           0%         N/A       67%         2
 Call Canine Familiar     Summ           0%         N/A       88%         3
 Summon Guardian Golem    Hex/Summ       0%         N/A       88%         3
 Swiftness                Air            0%         N/A       88%         3
 Airstrike                Air            0%         2d(0-16)  99%         4
 Manifold Assault         Tloc           0%         N/A       100%        5
 Storm Form               Tmut/Air       0%         N/A       100%        7


Dungeon Overview and Level Annotations

Branches:
Dungeon (2/15)

Altars:

Annotations:
D:2 Terence


Innate Abilities, Weirdness & Mutations

You have a pair of horns on your head.
You reflexively headbutt those who attack you in melee.


Message History

The grasping roots grab you!
Terence is unaffected.
The grasping roots constrict you.
You hear a shout! x2; You hear an angry hiss.
You hear a shout! x7
You shoot an arrow.
The arrow hits Terence but does no damage.
Terence closely misses you. The grasping roots constrict you.
The grasping roots release their grip on you.
You shoot an arrow. The arrow hits Terence.
Terence is moderately wounded.
Terence zaps a wand.
The roots erupt in riotous growth!
The grasping roots grab you!
Terence is unaffected.
The grasping roots constrict you.
You hear a shout!
You shoot an arrow. The arrow hits Terence.
Terence is heavily wounded.
Terence barely misses you. The grasping roots constrict you.
The grasping roots release their grip on you.
You shoot an arrow.
The arrow hits Terence but does no damage.
Terence is heavily wounded.
Terence hits you with a +0 flail.
You are too injured to fight recklessly!
Unknown command.
You are too injured to fight recklessly!
You are too injured to fight recklessly!
You are too injured to fight recklessly!
Fire: a) +0 shortbow
Press: ? - help, Q - select action Shift-Dir - straight line, f/p - Terence
Aim: Terence, wielding a +0 flail, wearing a +0 chain mail and carrying a wand of roots (4) (heavily wounded, 69% to hit)
You shoot an arrow.
The arrow hits Terence but does no damage.
Terence is heavily wounded.
Terence zaps a wand.
The roots erupt in riotous growth!
The grasping roots grab you!
Terence is unaffected.
The grasping roots constrict you.
An adder comes into view.
Terence hits you with a +0 flail.
* * * LOW HITPOINT WARNING * * *
The grasping roots constrict you.
You die...

.##....##.......#.#
........##.....##.#
####...###.....#..#
##.## #####.#.###.#
#.# #.......# #.#
###†##### #+# #.#
#.# #@# #@.# #...#
...... #......
#?##..## #. ##.# #
#S#


You could see Terence and an adder.

Vanquished Creatures
  An adder (D:2)
  A worm (D:2)
  A dart slug (D:2)
  5 ball pythons
  2 bats (D:1)
  2 endoplasms
  2 giant cockroaches (D:1)
  3 goblins (D:1)
  A hobgoblin (D:1)
  2 quokkas
  A frilled lizard (D:1)
  2 kobolds (D:2)
  7 rats (D:1)
30 creatures vanquished.

Notes
Turn   | Place    | Note
-------+----------+-------------------------------------------
     0 | D:1      | safid the Minotaur Hunter began the quest for the Orb.
     0 | D:1      | Reached XP level 1. HP: 18/18 MP: 0/0
   107 | D:1      | Reached XP level 2. HP: 16/25 MP: 1/1
   383 | D:1      | Found a faded altar of an unknown god.
   696 | D:2      | Reached XP level 3. HP: 26/31 MP: 2/2
   697 | D:2      | Reached skill level 5 in Ranged Weapons
   912 | D:2      | Noticed Terence
   921 | D:2      | Constricted to death by Terence

Illustrated notes

Levels and vault maps discovered:
D:1:      dpeg_arrival_ratfight, layout_rooms,
          hellmonk_ecumenical_altar_leap_of_faith
D:2:      layout_loops_corners, minmay_misc_feat_columns, grunt_ministairs_9,
          uniq_robin, uniq_terence

Skill      XL: |  1  2  3 |
---------------+----------+-----
Fighting       | 3 |  3.7
Ranged Weapons | 5 |  5.1
Dodging        | |  2.1
Stealth        | |  0.7

Action                   || total
-------------------------++-------
 Fire: Shortbow          ||   103
Armor: Leather armour    ||    13
Dodge: Dodged            ||    24
